Map: Ephemeron LE

Players

pHARM - Winner!

  • Race: Zerg Zerg
  • League: Platinum
  • Spawn Location: 5:00

PartinG

  • Race: Zerg Zerg
  • Spawn Location: 11:00

VOD

Have the link to the VOD?

Description

Time

  • Played on: Oct. 5, 2019, 11:23 p.m.
  • Length: 11:43
Show
View Real Time Build Order
Export as new Build Order

pHARM Zerg - Winner!

Build Orders: Hatch First 

Get SALT Encoding   

  12  0:01  Drone  
  13  0:17  Overlord  
  13  0:19  Drone  
  14  0:36  Drone x2  
  16  1:01  Hatchery  
  15  1:04  Drone x3  
  18  1:18  Drone  
  19  1:27  Spawning Pool  
  19  1:32  Drone  
  19  1:41  Drone  
  20  1:48  Drone  
  20  1:49  Extractor  
  20  2:02  Overlord  
  20  2:14  Drone x2  
  20  2:15  Queen x2  
  26  2:21  Drone  
  27  2:29  Drone  
  28  2:40  Overlord  
  28  2:47  Drone x3  
  31  2:55  Queen  
  31  2:58  Metabolic Boost  
  33  3:15  Baneling Nest  
  33  3:17  Drone x5  
  33  3:18  Evolution Chamber  
  36  3:20  Roach Warren  
  35  3:37  Drone x7  
  42  3:48  Zerg Missile Weapons Level 1  
  42  3:53  Drone x2, Extractor  
  42  3:54  Drone  
  42  3:55  Extractor  
  43  3:58  Overlord x2  
  43  4:19  Evolution Chamber, Drone x5  
  43  4:20  Drone  
  48  4:37  Roach x6  
  60  4:43  Lair  
  60  4:47  Hatchery  
  59  5:00  Overlord x2  
  59  5:01  Overlord  
  59  5:05  Zerg Ground Armor Level 1  
  59  5:17  Overlord x2  
  59  5:29  Roach x5  
  59  5:30  Roach x3  
  75  5:43  Glial Reconstitution  
  75  6:06  Drone  
  75  6:07  Drone x9  
  85  6:48  Drone x13  
  94  7:14  Zerg Ground Armor Level 2  
  94  7:16  Zerg Missile Weapons Level 2  
  94  7:24  Extractor  
  94  7:26  Extractor  
  92  7:30  Roach  
  92  7:31  Roach x2  
  92  7:32  Lair  
  92  7:34  Extractor  
  97  7:38  Hydralisk Den  
  97  7:40  Roach Warren  
  97  7:41  Hatchery  
  94  7:44  Roach x2  
  94  7:45  Overlord x7  
  98  7:55  Overseer x4  
  98  8:13  Roach x11  
  120  8:22  Roach x5  
  130  8:49  Grooved Spines  
  130  8:51  Hydralisk x4  
  130  8:52  Infestation Pit, Hydralisk x3  
  131  9:08  Hydralisk x6  
  143  9:18  Drone x2  
  145  9:24  Drone x7  
  145  9:25  Overlord x6  
  152  9:36  Hive  
  152  9:43  Hydralisk x8  
  152  9:44  Hydralisk  
  170  9:56  Extractor  
  170  9:57  Extractor  
  168  10:01  Muscular Augments  
  168  10:07  Hydralisk x7  
  182  10:24  Hydralisk x2  
  182  10:25  Hydralisk x4  
  194  10:42  Hydralisk x2  
  180  10:43  Hydralisk x4  
  182  10:55  Hydralisk  
  182  10:56  Hydralisk x3  
Show
View Real Time Build Order
Export as new Build Order

PartinG Zerg 

Build Orders: Hatch First 

Get SALT Encoding   

  12  0:01  Drone  
  13  0:14  Overlord  
  13  0:18  Drone  
  14  0:40  Drone x2  
  16  0:47  Drone  
  17  0:55  Hatchery  
  16  0:57  Drone  
  16  1:02  Drone, Extractor  
  17  1:17  Spawning Pool  
  16  1:20  Drone  
  17  1:33  Drone  
  17  1:35  Drone  
  19  1:45  Overlord  
  19  2:05  Drone  
  19  2:08  Queen x2  
  20  2:09  Zergling x4  
  26  2:20  Drone  
  26  2:21  Drone  
  28  2:25  Metabolic Boost  
  28  2:40  Drone x3  
  28  2:41  Drone  
  28  2:44  Pneumatized Carapace  
  32  2:47  Queen  
  32  2:51  Overlord  
  34  2:57  Overlord  
  34  3:06  Drone  
  34  3:07  Drone  
  36  3:14  Drone  
  36  3:15  Drone  
  38  3:20  Drone x2  
  38  3:24  Queen  
  38  3:26  Drone x4  
  46  3:35  Baneling Nest  
  46  3:37  Roach Warren  
  44  3:50  Drone x3  
  44  3:52  Extractor  
  44  3:54  Spore Crawler, Extractor  
  44  3:56  Spore Crawler  
  44  3:59  Drone x4  
  44  4:00  Drone  
  48  4:04  Queen  
  50  4:11  Drone x2  
  52  4:19  Baneling x3  
  52  4:20  Baneling  
  52  4:22  Overlord x3  
  52  4:33  Overlord x2  
  52  4:44  Overlord  
  52  4:49  Hatchery  
  52  4:52  Roach x3  
  57  4:56  Lair  
  57  5:02  Queen  
  57  5:05  Zergling x4  
  61  5:33  Drone x5  
  61  5:34  Drone x2  
  68  5:51  Evolution Chamber  
  68  5:52  Evolution Chamber  
  66  5:57  Queen, Centrifical Hooks  
  66  5:58  Glial Reconstitution  
  66  6:02  Overlord x2  
  68  6:07  Drone x2  
  68  6:08  Drone x3  
  68  6:10  Spore Crawler  
  72  6:21  Overlord x3  
  72  6:22  Overseer x2  
  72  6:29  Roach x8  
  78  6:33  Roach  
  76  6:46  Roach x4  
  80  6:50  Evolution Chamber  
  80  6:51  Roach  
  79  6:57  Roach x2  
  79  7:00  Queen  
  83  7:07  Roach  
  83  7:08  Roach x2  
  89  7:16  Zerg Missile Weapons Level 1  
  89  7:19  Roach x3  
  95  7:35  Queen x2  
  99  7:49  Ravager  
  99  7:50  Ravager  
  103  7:51  Roach x3  
  107  8:12  Roach x6  
  119  8:16  Evolution Chamber  
  118  8:20  Hydralisk Den  
  118  8:22  Roach x5  
  127  8:32  Spore Crawler  
  127  8:33  Queen x2  
  130  8:34  Queen  
  132  8:52  Roach x2  
  132  8:53  Roach  
  132  8:55  Zerg Ground Armor Level 1  
  138  8:59  Overlord x2  
  138  9:00  Overlord x4  
  138  9:02  Grooved Spines  
  138  9:08  Extractor  
  138  9:09  Extractor  
  136  9:28  Overlord  
  136  9:29  Overlord, Hatchery  
  135  9:32  Queen  
  135  9:33  Queen x2  
  141  9:42  Drone  
  141  9:43  Drone x5  
  147  9:49  Hydralisk  
  147  9:50  Hydralisk x3  
  155  10:07  Hydralisk x2  
  155  10:14  Muscular Augments  
  159  10:21  Drone x2  
  159  10:22  Drone x3  
  158  10:39  Roach  
  158  10:40  Roach x8  
  156  10:47  Roach  
  156  10:48  Roach x3  
  120  11:04  Queen x2  
  120  11:08  Hydralisk  
  120  11:09  Hydralisk x3  
Tags
 
League
Platinum
Matchup
ZvZ
Race
Zerg
Replay Pack
10.7.19
Spawn Locations
Cross Positions
Add a new tag
Caveats
  • Supply blocks, unpowered buildings, or Contaminate may cause inaccurate times.
  • Supply counts are checked every 10 seconds.